 Dungeon Crawl Stone Soup version 0.24.0-123-gd5b16e6ec5 (webtiles) character file.

Game seed: 13428544004176276845, levelgen mode: deterministic

144 Mesmaeker13 the Skirmisher (level 4, 0/37 HPs)
             Began as a Demigod Skald on Dec 29, 2019.
             Slain by an orc priest
             ... wielding a cursed -1 hand axe
              (7 damage)
             ... on level 3 of the Dungeon.
             The game lasted 00:04:12 (2928 turns).

Mesmaeker13 the Skirmisher (Demigod Skald)          Turns: 2928, Time: 00:04:13

Health: 0/37       AC:  6    Str: 16    XL:     4   Next: 76%
Magic:  6/9        EV: 13    Int: 17    God:
Gold:   138        SH:  0    Dex: 15    Spells: 5/6 levels left

rFire    . . .     SeeInvis .   a - +0 hand axe
rCold    . . .     Gourm    .   (no shield)
rNeg     . . .     Faith    .   b - +0 leather armour
rPois    .         Spirit   .   (no helmet)
rElec    .         Reflect  .   l - +1 cloak {+Inv}
rCorr    +         Harm     .   (no gloves)
MR       .....                  g - +0 pair of boots
Stlth    +.........             (no amulet)
HPRegen  0.12/turn              h - ring of resist corrosion
MPRegen  0.11/turn              (no ring)

@: infused (expiring), flying, slowed, very slow
A: high mp 1
a: Evoke Invisibility


You were on level 3 of the Dungeon.
You were not hungry.

You visited 1 branch of the dungeon, and saw 3 of its levels.

You collected 138 gold pieces.

Inventory:

Hand Weapons
 a - a +0 hand axe (weapon)
 t - a +0 morningstar
Missiles
 m - 7 javelins (quivered)
 r - a throwing net
Armour
 b - a +0 leather armour (worn)
 g - a +0 pair of boots (worn)
 l - a +1 cloak of invisibility (worn)
Jewellery
 h - a ring of resist corrosion (left hand)
Scrolls
 c - a scroll of teleportation {unknown}
 e - 2 scrolls of remove curse
 f - a scroll of blinking {unknown}
 j - a scroll of amnesia {unknown}
 n - a scroll of noise {unknown}
 p - a scroll of immolation
 s - a scroll of random uselessness {unknown}
Potions
 o - a potion of agility {unknown}
 q - a potion of flight
Comestibles
 d - 5 rations


   Skills:
 + Level 2.8 Fighting
 + Level 2.8 Axes
 + Level 2.2 Armour
 + Level 2.7 Dodging
 - Level 1.7 Spellcasting
 - Level 2.6 Charms


You had 5 spell levels left.
You knew the following spells:

 Your Spells              Type           Power        Failure   Level  Hunger
a - Infusion              Chrm           ##..         9%          1    #......

Your spell library contained the following spells:

 Spells                   Type           Power        Failure   Level  Hunger
 Song of Slaying          Chrm           ##......     12%         2    ###....
 Shroud of Golubria       Chrm/Tloc      #.....       22%         2    ###....
 Regeneration             Chrm/Necr      #.........   38%         3    ###....
 Spectral Weapon          Hex/Chrm       #.......     38%         3    ###....


Dungeon Overview and Level Annotations

Branches:
Dungeon (3/15)


Innate Abilities, Weirdness & Mutations

You have an increased reservoir of magic. (+10% MP)


Message History

Something tries to affect you, but you resist.
You closely miss something. Something completely misses you.
You hear something call down the wrath of Beogh upon you.
Beogh smites you!
* * * LOW HITPOINT WARNING * * *
You miss something.
You hear something mumble some strange prayers to Beogh against you.
Pain shoots through your body!
* * * LOW HITPOINT WARNING * * *
You feel better. Something hits you.
* * * LOW HITPOINT WARNING * * *
Something barely misses you.
You feel better.
Your magical infusion is running out.
Something hits you.
* * * LOW HITPOINT WARNING * * *
It was a potion of flight.
You feel very buoyant.
You fly up into the air.
Something hits you!
You die...

.# .≈# ..# ####.#####. #
...#### #.......... .
.....# #.#...#.##.
..♣♣....#####.#......#
..♣P....##....#.........
....P♣..##.##.####...#.#
#.÷....##.##)#####.#...
.##.....#.#.#...@.......
.......#.###.###.##.#...
###.##..## ##..........#
#.##.## ##.#.###
#.##..## ##..#.#
#.##.#.###.#.#.#
#.#.#...#......#
#..###.#)###.###
###.#.##.# #.#


There were no monsters in sight!

Vanquished Creatures
  An orc wizard (D:3)
  Natasha (twice) (D:3)
  An adder (D:2)
  An ooze (D:1)
  2 dart slugs (D:2)
  2 leopard geckos
  2 orcs (D:3)
  3 giant cockroaches
  7 hobgoblins
  2 jackals (D:2)
  A quokka (D:2)
  7 bats
  5 frilled lizards
  5 goblins
  3 kobolds
  6 rats
50 creatures vanquished.

Notes
Turn   | Place    | Note
-------+----------+-------------------------------------------
     0 | D:1      | Mesmaeker13 the Demigod Skald began the quest for the Orb.
     0 | D:1      | Reached XP level 1. HP: 17/17 MP: 5/5
   141 | D:1      | Reached skill level 1 in Armour
   597 | D:1      | Reached XP level 2. HP: 14/24 MP: 7/7
  1659 | D:2      | Reached XP level 3. HP: 28/30 MP: 3/8
  1718 | D:2      | Found a hazy altar of Hepliaklqana.
  2098 | D:2      | Found a shimmering altar of Xom.
  2154 | D:2      | Found a sparkling altar of Nemelex Xobeh.
  2203 | D:2      | Found a sparkling altar of Nemelex Xobeh.
  2511 | D:3      | Noticed Natasha
  2517 | D:3      | Killed Natasha
  2517 | D:3      | Reached XP level 4. HP: 30/37 MP: 3/9
  2602 | D:3      | Noticed Natasha
  2613 | D:3      | Killed Natasha
  2925 | D:3      | HP: 1/37 [something/nerve-wracking pain (8)]
  2928 | D:3      | Slain by an orc priest

Levels and vault maps discovered:
D:1:      ncdulo_halloftheorcs, layout_loops_ring, feat_on_display
D:2:      layout_loops_ring, overflow_temple_1_default,
          overflow_temple_1_default, lemuel_doored_altar, first_ration,
          nemelex_diamond_rough_becter
D:3:      layout_loops_ring, serial_park_tiny_2, chequers_serial_rivers_small_b,
          grunt_ministairs_1, uniq_robin, uniq_sigmund, uniq_natasha

Skill      XL: |  1  2  3  4 |
---------------+-------------+-----
Armour         | 1 2 |  2.2
Fighting       | 2 |  2.8
Axes           | 2 |  2.8
Dodging        | 2 |  2.7
Spellcasting   | |  1.7
Charms         | |  2.6

Action                   |  1- 3 |  4- 6 || total
-------------------------+-------+-------++-------
Melee: Hand axe          |   137 |    27 ||   164
Throw: Javelin           |     1 |       ||     1
 Cast: Infusion          |     8 |     4 ||    12
  Use: Scroll            |     2 |     2 ||     4
       Potion            |       |     3 ||     3
 Stab: Sleeping          |     3 |       ||     3
  Eat: Chunk             |     5 |     2 ||     7
Armor: Leather armour    |    63 |     3 ||    66
Dodge: Dodged            |   111 |    17 ||   128
